 Dungeon Sprint DCSS version bcrawl-1.27.1d (webtiles) character file.

Game seed: 18083440965545864004

3900000 Freyura the Conqueror (level 21, -179/214 HPs)
             Began as a Demonspawn Gladiator on July 26, 2020.
             Was the Champion of Makhleb.
             Annihilated by a destroyer
             ... wielding a +9 great sword of slicing
              (194 damage)
             ... in the Dungeon (Sprint VIII: "Arena of Blood").
             The game lasted 00:03:27 (39 turns).

Freyura the Conqueror (Demonspawn Gladiator)          Turns: 39, Time: 00:03:28

Health: -179/214   AC: 10    Str: 16    XL:     21   Next: 52%
Magic:  9/43       EV: 36    Int:  9    God:    Makhleb [******]
Gold:   0          SH:  0    Dex: 24    Spells: 57/57 levels left

rFire    . . .     SeeInvis .   l - +∞ Axe of Woe
rCold    + . .     Gourm    .   (shield currently unavailable)
rNeg     . . .     Faith    .   b - +0 leather armour
rPois    .         Spirit   .   c - +0 helmet
rElec    .         Reflect  .   (no cloak)
rCorr    .         Harm     .   (no gloves)
MR       +....     NoTele   +   (boots unavailable)
Stlth    +++++++++.             (no amulet)
HPRegen  0.45/turn              (no ring)
MPRegen  0.28/turn              (no ring)

@: no status effects
A: hooves 3, rugged brown scales 2, cold resistance 1, demonic guardian 3, spiny
3
a: Minor Destruction, Lesser Servant of Makhleb, Major Destruction, Greater
Servant of Makhleb, Renounce Religion


You were in the Dungeon.
You worshipped Makhleb.
Makhleb was exalted by your worship.
You were not hungry.

You visited 1 branch

Inventory:

Hand Weapons
 a - a +0 war axe
 l - the +∞ Axe of Woe (weapon)
   (You found it in the Dungeon)
Missiles
 d - 3 throwing nets {=f}
Armour
 b - a +0 leather armour (worn)
 c - a +0 helmet (worn)
Scrolls
 k - a scroll of blinking
Potions
 f - a potion of curing
 g - a potion of heal wounds
 h - a potion of haste
 i - 2 potions of magic
 j - a potion of berserk rage
Comestibles
 e - a ration {!d}


   Skills:
 O Level 27 Fighting
 O Level 27 Axes
 O Level 27 Throwing
 O Level 27 Armour
 O Level 27 Dodging
 O Level 27 Stealth
 + Level 18.7 Unarmed Combat
 + Level 18.7 Spellcasting
 O Level 27 Invocations


You had 57 spell levels left.
You didn't know any spells.
Your spell library was empty.

Dungeon Overview and Level Annotations

Branches:
Dungeon (1/1)

Altars:
Makhleb


Innate Abilities, Weirdness & Mutations

You have hooves in place of feet.
You are mostly covered in rugged brown scales. (AC +2, +5% HP)
Your flesh is cold resistant. (rC+)
A powerful demonic guardian rushes to your aid.
You are completely covered in sharp spines.


Message History

The eight-headed meat hydra calls on the powers of darkness!
The eight-headed meat hydra convulses!
Your body is wracked with pain!
* * * LOW HITPOINT WARNING * * *
The meat berserker convulses! x2
You hear a shout! x5
A destroyer comes into view.
It is wielding a +9 great sword of slicing.
You have encountered a dangerous foe!
You hear a shout! x7
A destroyer comes into view.
It is wielding a +9 great sword of slicing.
The destroyer blinks!
You hear a shout! x4
The large bag of meat is engulfed in blazing flames.
You hear a shout! x4
Things that are here:
a +9 battleaxe; a +30 ring of slaying; a meat berserker corpse You hear a shout! x8
The destroyer is struck by your spines.
The destroyer hits you with a +9 great sword of slicing!!!!!
Ouch! That really hurt!
You die...

.. ....... ..
..V.. #.. ..oV#
#.. ...# ..
.###.. ...###...
......###O.......
......._)........
#.§§V@# . #_)○)_#
. ....#.○O○.#....
.o....☼_.......
...O.V###......
.###.. ...###.
#.. ...# #.. ...#
.. ..


You could see 4 destroyers, a large bag of meat (inner flame), 2 meat berserkers
and a bag of meat.

Vanquished Creatures
  6 ogres (D)
  2 two-headed ogres (D)
  23 orcs (D)
31 creatures vanquished.

Notes
Turn   | Place    | Note
-------+----------+-------------------------------------------
     0 | D        | Found the +∞ Axe of Woe
     0 | D        | Freyura the Demonspawn Gladiator began the quest for the
                  | Orb.
     0 | D        | Reached XP level 1. HP: 16/16 MP: 1/1
     2 | D        | Noticed a bag of meat
     2 | D        | Noticed a bag of meat
     2 | D        | Noticed a bag of meat
     3 | D        | Noticed a bag of meat
     4 | D        | Became a worshipper of Makhleb the Destroyer
     5 | D        | Noticed a bag of meat
     5 | D        | Noticed a bag of meat
     5 | D        | Noticed a bag of meat
     6 | D        | Noticed a bag of meat
     6 | D        | Noticed a bag of meat
     6 | D        | Noticed a bag of meat
     6 | D        | Noticed a bag of meat
     7 | D        | Noticed a bag of meat
     8 | D        | Killed a bag of meat
     8 | D        | Reached skill level 15 in Axes
     8 | D        | Reached skill level 15 in Invocations
     8 | D        | Gained mutation: A weak demonic guardian rushes to your
                  | aid. [demonic ancestry]
     8 | D        | Reached XP level 2. HP: 46/46 MP: 1/10
     8 | D        | Reached XP level 3. HP: 52/52 MP: 1/12
     8 | D        | Gained mutation: You are partially covered in sharp spines.
                  | [demonic ancestry]
     8 | D        | Reached XP level 4. HP: 59/59 MP: 1/13
     8 | D        | Gained mutation: You are partially covered in rugged brown
                  | scales. (AC +1, +3% HP) [demonic ancestry]
     8 | D        | Reached XP level 5. HP: 59/66 MP: 1/15
     8 | D        | Gained mutation: You have large cloven feet. [demonic
                  | ancestry]
     8 | D        | Reached XP level 6. HP: 67/75 MP: 1/16
     8 | D        | Reached XP level 7. HP: 72/81 MP: 1/18
     8 | D        | Reached XP level 8. HP: 78/88 MP: 1/19
     8 | D        | Gained mutation: You are mostly covered in rugged brown
                  | scales. (AC +2, +5% HP) [demonic ancestry]
     8 | D        | Reached XP level 9. HP: 78/96 MP: 1/20
     8 | D        | Gained mutation: You are mostly covered in sharp spines.
                  | [demonic ancestry]
     8 | D        | Reached XP level 10. HP: 84/103 MP: 1/21
     8 | D        | Gained mutation: You have hoof-like feet. [demonic
                  | ancestry]
     8 | D        | Reached XP level 11. HP: 90/110 MP: 1/22
     8 | D        | Noticed a meat berserker
     8 | D        | Noticed a bag of meat
     8 | D        | Noticed a meat berserker
     9 | D        | Killed a bag of meat
     9 | D        | Reached * piety under Makhleb
     9 | D        | Reached XP level 12. HP: 89/123 MP: 1/24
     9 | D        | Killed a bag of meat
     9 | D        | Gained mutation: You have hooves in place of feet. [demonic
                  | ancestry]
     9 | D        | Reached XP level 13. HP: 97/134 MP: 1/26
     9 | D        | Killed a bag of meat
     9 | D        | Reached skill level 15 in Dodging
     9 | D        | Gained mutation: A demonic guardian rushes to your aid.
                  | [demonic ancestry]
     9 | D        | Reached XP level 14. HP: 145/145 MP: 1/28
    10 | D        | Noticed a bag of meat
    11 | D        | Killed a bag of meat
    11 | D        | Reached ** piety under Makhleb
    11 | D        | Killed a bag of meat
    11 | D        | Reached XP level 15. HP: 158/158 MP: 1/30
    12 | D        | Killed a meat berserker
    12 | D        | Reached XP level 16. HP: 173/173 MP: 2/32
    12 | D        | Reached *** piety under Makhleb
    12 | D        | Reached skill level 27 in Fighting
    12 | D        | Killed a meat berserker
    12 | D        | Reached skill level 27 in Axes
    12 | D        | Reached skill level 27 in Invocations
    12 | D        | Gained mutation: You are completely covered in sharp
                  | spines. [demonic ancestry]
    12 | D        | Reached XP level 17. HP: 182/182 MP: 2/34
    13 | D        | Reached **** piety under Makhleb
    14 | D        | Reached skill level 27 in Dodging
    14 | D        | Reached skill level 10 in Throwing
    16 | D        | Reached skill level 15 in Throwing
    16 | D        | Reached XP level 18. HP: 191/191 MP: 3/35
    18 | D        | Reached ***** piety under Makhleb
    18 | D        | Noticed a meat berserker
    20 | D        | Reached skill level 10 in Armour
    21 | D        | Gained mutation: A powerful demonic guardian rushes to your
                  | aid. [demonic ancestry]
    21 | D        | Reached XP level 19. HP: 198/198 MP: 4/36
    21 | D        | Reached skill level 27 in Throwing
    21 | D        | Noticed a meat berserker
    22 | D        | Noticed a large bag of meat
    24 | D        | Killed a meat berserker
    25 | D        | Killed a large bag of meat
    25 | D        | Reached skill level 27 in Armour
    25 | D        | Gained mutation: Your flesh is cold resistant. (rC+)
                  | [demonic ancestry]
    25 | D        | Reached XP level 20. HP: 206/206 MP: 5/37
    26 | D        | Killed a meat berserker
    26 | D        | Noticed a large bag of meat
    29 | D        | Noticed an eight-headed meat hydra
    29 | D        | Reached ****** piety under Makhleb
    29 | D        | Noticed a meat berserker
    31 | D        | Noticed a large bag of meat
    31 | D        | Noticed a meat berserker
    33 | D        | HP: 9/206 [bag of meat/+9 war axe (29)]
    34 | D        | Reached XP level 21. HP: 99/214 MP: 8/38
    34 | D        | Reached skill level 27 in Stealth
    35 | D        | Killed a large bag of meat
    36 | D        | Noticed a large bag of meat
    36 | D        | Noticed a destroyer
    37 | D        | Noticed a destroyer
    38 | D        | Noticed a destroyer
    38 | D        | Noticed a destroyer
    39 | D        | Annihilated by a destroyer

Skill      XL: |  1  2  3  4  5  6  7  8  9 10 11 12 13 14 15 16 17 18 19 20 21 |
---------------+----------------------------------------------------------------+-----
Fighting       | 16 18 20 21 23 26 27 | 27.0
Axes           | 15 17 19 20 22 24 27 | 27.0
Dodging        | 11 13 14 15 16 18 21 27 | 27.0
Invocations    | 15 17 18 20 22 24 27 | 27.0
Throwing       | 15 25 27 | 27.0
Armour         | 6 11 27 | 27.0
Stealth        | 26 27 | 27.0
Unarmed Combat | 12 18 | 18.7
Spellcasting   | 12 18 | 18.7

Action                   |  1- 3 |  4- 6 |  7- 9 | 10-12 | 13-15 | 16-18 | 19-21 || total
-------------------------+-------+-------+-------+-------+-------+-------+-------++-------
Melee: Executioner's axe |     1 |       |       |     1 |     2 |     6 |     9 ||    19
Dodge: Dodged            |       |       |       |       |       |       |     2 ||     2
